 Seeded DCSS version 0.30.1 (webtiles) character file.

Game seed: 701750224110604655 (custom seed)

655 oldmanjim the Shield-Bearer (level 7, -2/57 HPs)
             Began as a Formicid Fighter on July 5, 2023.
             Slain by a black bear (4 damage)
             ... on level 5 of the Dungeon.
             The game lasted 00:14:18 (3455 turns).

oldmanjim the Shield-Bearer (Formicid Fighter)      Turns: 3455, Time: 00:14:18

Health: -2/57      AC: 16    Str: 23    XL:     7   Next: 85%
Magic:  7/7        EV:  3    Int:  7    God:
Gold:   314        SH:  6    Dex: 13    Spells: 6/6 levels left

rFire   . . .        a - +9 bardiche of Wu Jian, Growing {freeze, rN+ SInv}
rCold   . . .        c - +0 buckler
rNeg    + + .        B - +0 crystal plate armour
rPois   .            (helmet unavailable)
rElec   .            (no cloak)
rCorr   .            (no gloves)
SInv    +            (no boots)
Will    .....        (no amulet) Stlth
                     k - ring of positive energy
HPRegen 0.29/turn    (no ring)
MPRegen 0.10/turn

%: no passive effects
@: no status effects
A: permanent stasis, dig shafts and tunnels, antennae 3, four strong arms
a: Dig, Shaft Self


You were on level 5 of the Dungeon.
You visited 1 branch of the dungeon, and saw 5 of its levels.
You also visited: Sewer.

You collected 314 gold pieces.

Inventory:

Hand Weapons
 a - the +9 bardiche of Wu Jian, Growing (weapon) {freeze, rN+ SInv}
   (You found it on level 2 of the Dungeon)

   rN:        It protects you from negative energy.
   SInv:      It lets you see invisible.
 b - the +1 war axe of Weak Prudence {flame, rPois Int-3 Dex+2 Stlth+}
   (You found it on level 3 of the Dungeon)

   Int:       It affects your intelligence (-3).
   Dex:       It affects your dexterity (+2).
   rPois:     It protects you from poison.
   Stlth:     It makes you more stealthy.
 s - a +0 trident
Missiles
 i - 44 stones (quivered)
 v - 2 boomerangs
Armour
 c - a +0 buckler (worn)
 o - a +0 kite shield
 w - a +0 scale mail
 B - a +0 crystal plate armour (worn)
Jewellery
 k - a ring of positive energy (left hand)
Wands
 z - a wand of digging (5)
Scrolls
 e - a scroll of immolation {unknown}
 j - 2 scrolls of brand weapon {unknown}
 l - a scroll of blinking {unknown}
 p - a scroll of fog {unknown}
 q - a scroll of magic mapping {unknown}
 u - a scroll of silence {unknown}
 x - 2 scrolls of enchant weapon {unknown}
 y - a scroll of enchant armour {unknown}
Potions
 d - 2 potions of might
 f - a potion of mutation {unknown}
 g - a potion of resistance {unknown}
 h - 2 potions of brilliance {unknown}
 m - a potion of cancellation {unknown}
 n - a potion of haste {unknown}
 r - a potion of heal wounds {unknown}
 t - 3 potions of flight
 A - a potion of curing {unknown}


   Skills:
 + Level 5.9 Fighting
 + Level 4.9 Polearms
 + Level 3.2 Armour
 + Level 7.2 Shields


You had 6 spell levels left.
You didn't know any spells.
Your spell library contained the following spells:

 Spells                   Type           Power      Damage    Failure   Level
 Lesser Beckoning         Tloc           0%         N/A       100%        2
 Momentum Strike          Conj/Tloc      0%         3d8       100%        2
 Gell's Gravitas          Tloc           0%         N/A       100%        3
 Teleport Other           Tloc           0%         N/A       100%        3
 Blink                    Tloc           Unusable   N/A       N/A         2

Dungeon Overview and Level Annotations

Branches:
Dungeon (5/15)              Sewer (visited)
 Temple: D:4-7

Altars:
Hepliaklqana

Shops:
D:1 =

Annotations:
D:4 1 runed translucent door, exclusion: door, Crazy Yiuf


Innate Abilities, Weirdness & Mutations

You cannot be hasted, slowed, berserked, paralysed or teleported.
You can dig through walls and to a lower floor.
You have a pair of large antennae on your head. (SInv)
Your four strong arms can wield two-handed weapons with a shield.


Message History

The black bear bites you. The black bear claws you.
The black bear claws you but does no damage.
The jackal moves out of view.
You slash the black bear! You freeze the black bear.
The black bear is severely wounded.
The jackal bites you but does no damage.
The iguana bites you!
The black bear goes berserk!
The jackal bites you but does no damage. x2
There are monsters nearby!
You barely miss the black bear.
The black bear is severely wounded.
The black bear bites you but does no damage.
The black bear claws you. You block the black bear's attack.
The jackal bites you but does no damage.
You block the jackal's attack.
The iguana hisses menacingly.
The iguana bites you.
The black bear bites you but does no damage.
The black bear claws you. x2; You block the jackal's attack.
The jackal bites you but does no damage.
The iguana hisses menacingly.
The iguana bites you. The black bear bites you.
* * * LOW HITPOINT WARNING * * *
The black bear claws you but does no damage. x2
You slash the black bear! You freeze the black bear.
The black bear is almost dead.
The jackal bites you but does no damage.
You block the jackal's attack. The black bear barely misses you.
The black bear claws you.
* * * LOW HITPOINT WARNING * * *
The black bear claws you.
* * * LOW HITPOINT WARNING * * *
The jackal bites you but does no damage.
The jackal barely misses you.
The iguana bites you but does no damage.
The black bear bites you!
* * * LOW HITPOINT WARNING * * *
The black bear claws you but does no damage.
The black bear claws you.
You die...

............<..#
...................#
.......>...........#
...............##..#
...............# ..#
...............# .!
...............+
......g........#
h.....h@.!.....#
......lhh.......+
................#
................#
................#
...............##
...............# {
...............(


You could see a black bear (berserk), an iguana, a gnoll and 3 jackals.

Vanquished Creatures
  Grinder (D:4)
  2 ogres (D:4)
  A jelly (D:4)
  An orc wizard (D:3)
  A sickly merfolk siren (Sewer)
  A malarious merfolk avatar (Sewer)
  5 adders
  A river rat (Sewer)
  4 worms
  3 dart slugs
  12 orcs
  8 bats
  6 endoplasms
  2 giant cockroaches (Sewer)
  5 goblins
  8 hobgoblins
  7 jackals (D:4)
  11 kobolds
  5 quokkas
  6 ball pythons
  4 frilled lizards
  25 rats
119 creatures vanquished.

Notes
Turn   | Place    | Note
-------+----------+-------------------------------------------
     0 | D:1      | oldmanjim the Formicid Fighter began the quest for the Orb.
     0 | D:1      | Reached XP level 1. HP: 18/18 MP: 1/1
    94 | D:1      | Reached XP level 2. HP: 24/24 MP: 2/2
   535 | D:1      | Reached XP level 3. HP: 30/30 MP: 3/3
   558 | D:1      | Found Dumaxi's Jewellery Emporium.
   951 | D:2      | Reached XP level 4. HP: 35/37 MP: 4/4
  1099 | D:2      | Reached skill level 5 in Shields
  1190 | D:2      | Identified the +9 bardiche of Wu Jian, Growing {freeze, rN+
                  | SInv}
  1575 | D:3      | Reached XP level 5. HP: 21/42 MP: 5/5
  1666 | D:3      | Found a glowing drain.
  1680 | Sewer    | Entered a sewer
  1921 | Sewer    | Reached XP level 6. HP: 49/49 MP: 6/6
  2193 | D:3      | Identified the +1 war axe of Weak Prudence {flame, rPois
                  | Int-3 Dex+2 Stlth+}
  2452 | D:4      | Found a hazy altar of Hepliaklqana.
  2482 | D:4      | Reached skill level 6 in Shields
  2592 | D:4      | Noticed an ogre
  2594 | D:4      | Killed an ogre
  2595 | D:4      | Reached skill level 5 in Fighting
  2735 | D:4      | Noticed Grinder
  2740 | D:4      | Noticed an ogre
  2741 | D:4      | Killed Grinder
  2742 | D:4      | Reached skill level 7 in Shields
  2742 | D:4      | Reached XP level 7. HP: 57/57 MP: 7/7
  2798 | D:4      | Identified the +5 short sword "Qiynaa" {flame, Str+4 SInv}
  3390 | D:4      | Found a runed translucent door.
  3391 | D:4      | Noticed Crazy Yiuf
  3431 | D:5      | Entered Level 5 of the Dungeon
  3455 | D:5      | HP: 2/57 [black bear (7)]
  3455 | D:5      | Slain by a black bear

Illustrated notes

Levels and vault maps discovered:
D:1:      dpeg_arrival_orchard, layout_loops_ring, serial_shops, shop
D:2:      layout_loops_cross
D:3:      layout_basic, portal_sewer_entry_b, kennysheep_nub,
          serial_bayou_pond_d
D:4:      layout_loops_cross, mainiacjoe_overflow_brackets, uniq_grinder,
          uniq_crazy_yiuf_cottage
D:5:      lemuel_castle_with_subvaults [lemuel_castle_interior_carwin_2],
          layout_gridville, vehumet_crystals, lemuel_doored_altar,
          gammafunk_temple_overflow_forgotten, kennysheep_small_square

Skill      XL: |  1  2  3  4  5  6 |
---------------+-------------------+-----
Fighting       | 4 5 |  5.9
Polearms       | 3 4 |  4.9
Shields        | 5 7 |  7.2
Armour         | |  3.2

Action                     |  1- 3 |  4- 6 |  7- 9 || total
---------------------------+-------+-------+-------++-------
  Melee: Trident           |    83 |    24 |       ||   107
         Bardiche          |       |   118 |    35 ||   153
    Use: Potion            |       |     1 |       ||     1
 Armour: Scale mail        |    23 |    32 |    19 ||    74
         Crystal plate arm |       |       |    16 ||    16
  Dodge: Dodged            |    32 |    43 |    24 ||    99
  Block: Buckler           |    10 |    28 |    25 ||    63
